 Dungeon Crawl Stone Soup version 0.28.0-43-g3370ac3207 (console) character file.

Game seed: 426168461835564365

549 Zeor the Conjurer (level 7, -2/36 HPs)
             Began as a Deep Elf Conjurer on Mar 22, 2022.
             Was a Follower of Zin.
             Shot with an arrow by a centaur (9 damage)
             ... on level 6 of the Dungeon.
             The game lasted 00:10:10 (3928 turns).

Zeor the Conjurer (Deep Elf Conjurer)               Turns: 3928, Time: 00:10:11

Health: -2/36      AC:  3    Str:  4    XL:     7   Next: 7%
Magic:  18/18      EV: 12    Int: 25    God:    Zin [*.....]
Gold:   141        SH:  0    Dex: 13    Spells: 13/19 levels left

rFire   . . .      SeeInvis .   g - +0 dagger
rCold   . . .      Faith    .   (no shield)
rNeg    . . .      Spirit   .   a - +1 robe
rPois   .          Reflect  .   (no helmet)
rElec   .          Harm     .   (no cloak)
rCorr   .          Rampage  .   (no gloves)
Will    .....                   (no boots)
Stlth   +++.......              (no amulet)
HPRegen 0.12/turn               (no ring)
MPRegen 0.16/turn               (no ring)

@: reciting
A: no striking features
a: Renounce Religion, Recite, Donate Gold


You were on level 6 of the Dungeon.
You worshipped Zin.
Zin was aware of your devotion.
You visited 1 branch of the dungeon, and saw 5 of its levels.

You collected 156 gold pieces.
You donated 15 gold pieces to Zin.

Inventory:

Hand Weapons
 f - a +0 whip
 g - a +0 dagger (weapon)
Armour
 a - a +1 robe (worn)
Jewellery
 i - a ring of protection from fire
Wands
 b - a wand of flame (24)
 l - a wand of paralysis (10)
Scrolls
 c - a scroll of amnesia {unknown}
Potions
 d - a potion of attraction {unknown}
 e - a potion of resistance {unknown}
 h - a potion of brilliance {unknown}
 j - a potion of berserk rage {unknown}
 k - a potion of heal wounds {unknown}
 m - a potion of lignification {unknown}


   Skills:
 + Level 1.2 Short Blades
 + Level 3.0 Dodging
 + Level 4.2 Stealth
 * Level 6.5 Spellcasting
 + Level 6.6 Conjurations
 * Level 1.5 Invocations


You had 13 spell levels left.
You knew the following spells:

 Your Spells              Type           Power      Damage    Failure   Level
a - Magic Dart            Conj           100%       1d8       1%          1
b - Searing Ray           Conj           82%        2d7       1%          2
c - Dazzling Flash        Conj/Hex       48%        N/A       5%          3

Your spell library contained the following spells:

 Spells                   Type           Power      Damage    Failure   Level
 Sublimation of Blood     Necr           8%         N/A       11%         2
 Fulminant Prism          Conj/Hex       12%        3d9       19%         4
 Iskenderun's Mystic Bla  Conj/Tloc      24%        2d7       19%         4
 Irradiate                Conj/Tmut      12%        3d18      45%         5
 Petrify                  Tmut/Erth      8%         N/A       56%         4


Dungeon Overview and Level Annotations

Branches:
Dungeon (4/15)
 Temple: D:4-7

Altars:
Gozag
Sif Muna
Wu Jian
Zin


Message History

You kill the kobold!
You start resting.
You are ready to recite again.
c - a scroll labelled ETOVE CILUOSE You now have 141 gold pieces (gained 3).
You see here a +0 whip.
You start resting.
Magic restored.
Items here: )) [ †.
Items here: )) / [[ ††.
Things that are here:
a +0 dagger; a +0 ring mail
Okay, then.
Items here: )) / [[ ††.
Okay, then.
You start resting.
HP restored.
Items here: )) [ †.
You see here a +0 whip.
A sourceless malevolence fills the Dungeon...
You fall into a shaft and drop 2 floors!
The shaft crumbles and collapses.
A bullfrog, a necrophage, an ice beast and an ogre come into view.
Found 31 gold pieces.
A necrophage comes into view.
A centaur comes into view.
The centaur shouts!
The centaur wields a +0 shortbow.
The centaur shoots an arrow.
The arrow hits you!
The centaur shoots an arrow.
The arrow closely misses you.
The centaur shoots an arrow.
The arrow hits you!
The centaur shoots an arrow.
The arrow hits you!
* * * LOW HITPOINT WARNING * * *
Activating: Recite (3% risk of failure)
Press: ? - help, Dir - look around, f - activate You clear your throat and prepare to recite. "And lo, the wrath of Zin did find..."
The centaur shoots an arrow.
The arrow misses you.
The centaur shoots an arrow.
The arrow hits you!
You die... ▒▒▒▒▒▒ ▒▒∙∙∙∙ c∙∙∙∙∙∙∙∙∙∙∙

▒∙∙∙▒▒∙∙∙∙▒ ∙▒
∙▒▒▒▒∙∙∙▒▒∙∙∙∙▒▒▒∙∙
∙∙∙∙∙∙∙∙▒▒∙∙∙∙∙∙∙∙∙
▒∙∙∙∙∙e▒▒∙∙∙∙∙∙∙∙∙
▒∙∙∙∙∙∙n∙∙∙∙∙∙∙∙∙
▒∙∙∙▒∙∙∙∙∙∙∙∙∙▒ ▒∙∙
▒∙∙∙∙∙∙∙∙∙▒ ∙∙∙
▒∙∙∙Y∙∙∙∙∙▒ ∙∙
▒∙∙∙∙∙∙∙∙∙▒ ∙
▒∙∙∙∙∙∙∙∙∙▒
▒▒▒▒▒∙∙∙∙∙∙∙∙∙▒
▒∙∙∙▒∙∙∙∙∙∙∙∙∙▒


You could see an ice beast, a necrophage and a centaur.

Vanquished Creatures
  Sigmund (D:3)
  Eustachio (D:4)
  An ogre (D:4)
  An orc priest (D:4)
  Terence (D:3)
  An orc wizard (D:4)
  A gnoll (D:1)
  2 adders (D:2)
  7 orcs
  6 endoplasms
  6 giant cockroaches
  8 goblins
  3 hobgoblins (D:1)
  4 jackals (D:2)
  4 quokkas
  6 ball pythons
  6 bats
  2 frilled lizards
  9 kobolds
  3 rats
73 creatures vanquished.

Notes
Turn   | Place    | Note
-------+----------+-------------------------------------------
     0 | D:1      | Zeor the Deep Elf Conjurer began the quest for the Orb.
     0 | D:1      | Reached XP level 1. HP: 10/10 MP: 6/6
   188 | D:1      | Found an ornate altar of the Wu Jian Council.
   315 | D:1      | Reached XP level 2. HP: 15/15 MP: 5/8
   401 | D:1      | Found a faded altar of an unknown god.
   566 | D:1      | Learned a level 2 spell: Searing Ray
   607 | D:1      | Reached skill level 5 in Conjurations
   839 | D:1      | Reached XP level 3. HP: 19/19 MP: 7/10
  1375 | D:2      | Learned a level 3 spell: Dazzling Flash
  2005 | D:2      | Reached XP level 4. HP: 22/24 MP: 9/11
  2187 | D:3      | Noticed Sigmund
  2194 | D:3      | Killed Sigmund
  2195 | D:3      | Reached skill level 5 in Spellcasting
  2195 | D:3      | Reached XP level 5. HP: 11/28 MP: 6/14
  2453 | D:3      | Found an opulent altar of Gozag.
  2453 | D:3      | Found a glowing silver altar of Zin.
  2517 | D:3      | Became a worshipper of Zin the Law-Giver
  2608 | D:3      | Reached * piety under Zin
  2673 | D:3      | Noticed Terence
  2677 | D:3      | Killed Terence
  2678 | D:3      | Reached skill level 1 in Short Blades
  3345 | D:4      | Found a shimmering blue altar of Sif Muna.
  3366 | D:4      | Reached XP level 6. HP: 32/32 MP: 11/15
  3673 | D:4      | Noticed Eustachio
  3680 | D:4      | Killed Eustachio
  3681 | D:4      | Reached skill level 1 in Invocations
  3681 | D:4      | Reached XP level 7. HP: 16/36 MP: 2/18
  3909 | D:4      | You fall into a shaft and drop 2 floors!
  3928 | D:6      | Shot with an arrow by a centaur

Illustrated notes

Levels and vault maps discovered:
D:1:      dpeg_arrival_court, layout_loops_ring, shapermc_ecumenical_altar_gd,
          minmay_hexomino_r4
D:2:      layout_basic
D:3:      layout_basic, grunt_temple_overflow_gold_and_silver, uniq_sigmund,
          uniq_terence
D:4:      layout_basic, mainiacjoe_overflow_brackets, okawaru_ov_weapons_minmay,
          uniq_eustachio
D:6:      layout_basic, minmay_temple_entry_poolview, uniq_pikel, uniq_duvessa,
          uniq_crazy_yiuf_cottage

Skill      XL: |  1  2  3  4  5  6 |
---------------+-------------------+-----
Conjurations   | 5 6 |  6.6
Stealth        | 3 4 |  4.2
Spellcasting   | 5 6 |  6.5
Short Blades   | 1 |  1.2
Dodging        | 3 |  3.0
Invocations    | 1 |  1.5

Action                   |  1- 3 |  4- 6 |  7- 9 || total
-------------------------+-------+-------+-------++-------
Melee: Whip              |     1 |       |       ||     1
       Dagger            |     4 |     8 |     2 ||    14
 Cast: Magic Dart        |    63 |    29 |     2 ||    94
       Searing Ray       |     4 |    13 |       ||    17
       Dazzling Flash    |       |     1 |       ||     1
Invok: Recite            |       |     1 |     1 ||     2
  Use: Scroll            |     5 |     1 |       ||     6
       Potion            |       |     1 |       ||     1
 Stab: Sleeping          |     2 |     1 |       ||     3
       Invisible         |       |     1 |       ||     1
Armor: Robe              |       |     4 |       ||     4
Dodge: Dodged            |     3 |    11 |     4 ||    18
